 Dungeon Crawl Stone Soup version 0.30-a0-879-ga8ba668304 (webtiles) character file.

Game seed: 12061719965156508920

312100 Zenkrye the Slayer (level 22, -5/158 HPs)
             Began as a Human Cinder Acolyte on Mar 10, 2023.
             Was a High Priest of Ignis.
             Splashed by a brown very ugly thing's acid (9 damage)
             ... summoned by a worldbinder
             ... on level 4 of the Abyss on Mar 13, 2023.
             The game lasted 03:11:47 (61554 turns).

Zenkrye the Slayer (Human Cinder Acolyte)          Turns: 61554, Time: 03:11:48

Health: -5/158     AC: 26    Str: 30    XL:     22   Next: 23%
Magic:  0/23       EV:  8    Int: 29    God:    Ignis [*****.]
Gold:   291        SH: 19    Dex: 10    Spells: 21/23 levels left

rFire   + + .      SeeInvis .    i - +4 demon trident (distort)
rCold   + . .      Faith    .    O - +0 tower shield {reflect}
rNeg    . . .      Spirit   +    b - +4 crystal plate armour
rPois   .          Reflect  +    E - +2 helmet
rElec   .          Rampage  .    a - scarf {rC+ rF+}
rCorr   .          Rage     9%   S - +2 pair of gloves
Will    ++...                    L - +1 pair of boots of Dim Light {Int+6} Stlth
                                 z - amulet of guardian spirit
HPRegen 0.00/turn                D - ring "Hekkismu" {Str+6 Int+4 Dex+2 Stlth+}
MPRegen 0.18/turn                V - ring of Vogau {Will+ Str+6}

@: about to teleport, corroded, sick, studying Dodging, unable to read
A: clever 1, [berserk 2], [clumsy 1], [deformed body], [deterioration 2], [frail
2], [weak 2], [no potion heal 2], [inability to read after injury 2]
}: 2/15 runes: serpentine, barnacled
a: Renounce Religion, Fiery Armour, Foxfire Swarm, Rising Flame


You were on level 4 of the Abyss.
You worshipped Ignis.
Ignis was extremely pleased with you.
You visited 7 branches of the dungeon, and saw 34 of its levels.
You visited the Abyss 1 time.
You also visited: Bailey and Ice Cave.

You collected 4896 gold pieces.
You spent 4605 gold pieces at shops.

Inventory:

Hand Weapons
 e - a +7 trident of distortion
 i - a +4 demon trident of distortion (weapon)
Missiles
 k - 4 curare-tipped darts
 t - 12 silver boomerangs
 v - 28 boomerangs (quivered)
 Q - 3 throwing nets {!f}
 Y - 17 javelins
Armour
 a - a scarf of resistance (worn)
 b - a +4 crystal plate armour (worn)
 u - the +2 cloak "Itu Siel" {Harm Rampage rPois}
   (You found it on level 1 of the Depths)

   rPois:     It protects you from poison.
   Harm:      It increases damage dealt and taken.
   Rampage:   It bestows one free step when moving towards enemies.
 E - a +2 helmet (worn)
 L - the +1 pair of boots of Dim Light (worn) {Int+6}
   (You found it in an ice cave)

   Int:       It affects your intelligence (+6).
 O - a +0 tower shield of reflection (worn)
 S - a +2 pair of gloves (worn)
Jewellery
 g - a ring of protection from cold
 n - a ring of positive energy
 o - a ring of poison resistance
 z - an amulet of guardian spirit (around neck)
 D - the ring "Hekkismu" (left hand) {Str+6 Int+4 Dex+2 Stlth+}
   (You bought it in a shop on level 2 of the Snake Pit)

   [ring of strength]

   Str:       It affects your strength (+6).
   Int:       It affects your intelligence (+4).
   Dex:       It affects your dexterity (+2).
   Stlth:     It makes you more stealthy.
 J - a ring of see invisible
 V - the ring of Vogau (right hand) {Will+ Str+6}
   (You bought it in a shop on level 2 of the Orcish Mines)

   [ring of strength]

   Str:       It affects your strength (+6).
   Will:      It increases your willpower.
Wands
 B - a wand of digging (5) {@v1}
 G - a wand of paralysis (22)
 M - a wand of quicksilver (20)
 N - a wand of flame (20)
 Z - a wand of iceblast (13) {@v4}
Scrolls
 f - a scroll of silence
 j - 4 scrolls of fear
 p - a scroll of fog
 q - a scroll of amnesia
 r - 4 scrolls of magic mapping
 A - 2 scrolls of immolation
 F - 4 scrolls of teleportation {@r3}
 R - a scroll of vulnerability
 U - 4 scrolls of blinking {@r4}
 W - 8 scrolls of poison
Potions
 d - 6 potions of cancellation
 h - 4 potions of flight
 l - a potion of resistance {@q6}
 m - a potion of heal wounds {@q2}
 s - 8 potions of curing {@q1}
 w - 3 potions of magic
 x - 5 potions of haste {@q3}
 y - 2 potions of might {@q4}
 C - 6 potions of mutation
 I - a potion of invisibility
 K - a potion of berserk rage
Miscellaneous
 c - a box of beasts
 H - a condenser vane (inert)
 T - a tin of tremorstones (inert)
 X - a lightning rod (4/4)


   Skills:
 * Level 22.6 Fighting
 - Level 14.0 Polearms
 - Level 15.0 Armour
 + Level 12.8 Dodging
 + Level 18.4 Shields
 - Level 1.0 Spellcasting
 - Level 3.0 Fire Magic
 - Level 12.0 Evocations


You had 21 spell levels left.
You knew the following spells:

 Your Spells              Type           Power      Damage    Failure   Level
a - Scorch                Fire           36%        2d6       86%         2

Your spell library contained the following spells:

 Spells                   Type           Power      Damage    Failure   Level
 Foxfire                  Conj/Fire      40%        2x1d6     90%         1
 Kiss of Death            Conj/Necr      4%         2d5       98%         1
 Magic Dart               Conj           4%         1d3       98%         1
 Necrotise                Necr           4%         1d4       98%         1
 Slow                     Hex            4%         N/A       98%         1
 Blink                    Tloc           2%         N/A       99%         2
 Call Imp                 Summ           1%         N/A       99%         2
 Cigotuvi's Dreadful Rot  Necr/Pois/Air  2%         N/A       99%         2
 Ensorcelled Hibernation  Hex/Ice        2%         N/A       99%         2
 Poisonous Vapours        Pois/Air       2%         N/A       99%         2
 Call Canine Familiar     Summ           1%         N/A       100%        3
 Confusing Touch          Hex            1%         N/A       100%        3
 Dazzling Flash           Conj/Hex       2%         N/A       100%        3
 Mephitic Cloud           Conj/Pois/Air  1%         N/A       100%        3
 Ozocubu's Armour         Ice            1%         N/A       100%        3
 Portal Projectile        Hex/Tloc       2%         N/A       100%        3
 Spider Form              Tmut/Pois      1%         N/A       100%        3
 Tukima's Dance           Hex            1%         N/A       100%        3
 Vampiric Draining        Necr           1%         2d6       100%        3
 Vhi's Electric Charge    Tloc/Air       2%         N/A       100%        3
 Anguish                  Hex/Necr       0%         N/A       100%        4
 Animate Dead             Necr           1%         N/A       100%        4
 Dispel Undead            Necr           1%         3d6       100%        4
 Leda's Liquefaction      Hex/Erth       0%         N/A       100%        4
 Manifold Assault         Tloc           1%         N/A       100%        4
 Passage of Golubria      Tloc           1%         N/A       100%        4
 Summon Ice Beast         Ice/Summ       1%         N/A       100%        4
 Summon Lightning Spire   Summ/Air       1%         N/A       100%        4
 Agony                    Necr           1%         N/A       100%        5
 Arcjolt                  Conj/Air       0%         1d10      100%        5
 Blade Hands              Tmut           0%         N/A       100%        5
 Borgnjor's Vile Clutch   Necr/Erth      0%         N/A       100%        5
 Fireball                 Conj/Fire      5%         3d5       100%        5
 Freezing Cloud           Conj/Ice/Air   0%         6-21      100%        5
 Summon Mana Viper        Hex/Summ       1%         N/A       100%        5
 Yara's Violent Unravell  Hex/Tmut       0%         3d3       100%        5
 Death Channel            Necr           0%         N/A       100%        6
 Starburst                Conj/Fire      5%         6d4       100%        6
 Enfeeble                 Hex            0%         N/A       100%        7
 Monstrous Menagerie      Summ           0%         N/A       100%        7
 Ozocubu's Refrigeration  Ice            0%         4d7       100%        7
 Storm Form               Tmut/Air       0%         N/A       100%        7
 Borgnjor's Revivificati  Necr           0%         N/A       100%        8


Dungeon Overview and Level Annotations

Branches:
Dungeon (15/15)            Temple (1/1) D:4            Lair (5/5) D:11
 Shoals (4/4) Lair:2        Snake (4/4) Lair:3        Slime (0/5) Lair:4
    Orc (2/2) D:10            Elf (0/3) Orc:2        Vaults (0/5) D:13
 Depths (3/4) D:15         Bailey (visited)           IceCv (visited)

Altars:
Ashenzari
Cheibriados
Dithmenos
Elyvilon
Fedhas
Gozag
Hepliaklqana
Kikubaaqudgha
Makhleb
Nemelex Xobeh
Okawaru
Qazlal
Ru
Sif Muna
Trog
Uskayaw
Vehumet
Wu Jian
Xom
Yredelemnul
Zin
The Shining One
Jiyva
Lugonu

Shops:
D:5 *   D:12 [   Orc:2 ([=*   Shoals:2 *(   Snake:2 =   Snake:3 :([
Depths:3 *

Portals:
Hell: Depths:1 Depths:2
Abyss: Lair:5 Depths:2 Depths:3
Pandemonium: Depths:2

Annotations:
D:6 1 runed translucent door, Crazy Yiuf
D:7 1 runed translucent door, Hubris850's ghost, novice OgGl
D:14 2 transporters, asti's ghost, journeyman MiFi
Depths:2 Vv


Innate Abilities, Weirdness & Mutations

Your mind is acute. (Int +4, Str/Dex -1)
[You have an uncontrollable temper.]
[You are clumsy. (Dex -2)]
[Armour fits poorly on your strangely shaped body.]
[Your body often deteriorates upon taking damage.]
[You are very frail. (-20% HP)]
[You are very weak. (Str -4)]
[Potions cannot restore your health.]
[You sometimes lose the ability to read scrolls when taking damage.]


Message History

You are knocked back by the lance of force.
You slam into the stone wall!
* * * LOW HITPOINT WARNING * * *
You feel extremely sick.
The snapping turtle disappears in a puff of smoke!
The starcursed mass touches you but does no damage.
A starcursed mass splits.
The wretched star pulses with an eldritch light!
You feel a little pissed off.
You feel extremely angry at everything!
You feel frail. x2
A starcursed mass splits.
The purple very ugly thing is engulfed in poison gas.
The purple very ugly thing looks even sicker.
The brown very ugly thing is engulfed in poison gas.
The brown very ugly thing looks as sick as possible!
The brown very ugly thing tentacle-slaps you but does no damage.
The merfolk aquamancer is engulfed in poison gas.
The merfolk aquamancer is poisoned.
The brown very ugly thing is engulfed in poison gas.
The brown very ugly thing is poisoned.
The brown very ugly thing completely misses you.
You can move again.
You cannot read scrolls in your current state!
Your system rejects the healing.
You feel better.
A bat comes into view.
The wretched star glows turbulently.
Your +0 tower shield of reflection reflects the lance of force!
The lance of force hits the wretched star!!
The wretched star is knocked back by the lance of force.
The starcursed mass touches you but does no damage.
The snapping turtle bites you from afar.
* * * LOW HITPOINT WARNING * * *
The snapping turtle is engulfed in poison gas.
The snapping turtle is poisoned.
The brown very ugly thing is engulfed in poison gas.
The brown very ugly thing looks as sick as possible!
The brown very ugly thing tentacle-slaps you.
* * * LOW HITPOINT WARNING * * *
The acid corrodes you!
You are splashed with acid!
You die...

..#. .#§## ##§§⌠
#§§t# #.mX# #.§x#
### +##§##.#**# #
.. # ..§..XtX@## .
. .## .
#...X#*uu#φ.X#...
.. .
.#.#§XXN###x... #v
# ##X##x#⌠ #x..##.
#.#§.XuX..#N ##. .
#.#§..XXX.
.u.G4.#... ###
.#.X. X#.#2.#.# #v§
#.#.#.#.#....#....X
X .#.# ##§########
# 4. .


You could see 11 starcursed masses, 3 very ugly things, a nagaraja (fast), 3
wretched stars, a merfolk aquamancer (summoned, poisoned), 2 snapping turtles, 2
large abominations and 2 worldbinders.

Vanquished Creatures
  A juggernaut (Depths:2)
  2 caustic shrikes
  Nikola (Shoals:4)
  2 bone dragons (Abyss:4)
  A tentacled monstrosity (Depths:3)
  5 liches
  A titan (Shoals:4)
  Polyphemus (Shoals:3)
  2 sphinxes
  Kirke (D:13)
  The ghost of jejorda2 the Phalangite, an adept MfBe of Trog (Orc:2)
  A shadow dragon (Depths:3)
  2 fire giants
  Aizul (Shoals:4)
  10 nagarajas
  A balrug (Abyss:4)
  2 frost giants
  A juggernaut zombie (Depths:2)
  Louise (Snake:4)
  7 very ugly things
  3 stone giants
  3 orc warlords
  An ophan (Abyss:4)
  A vampire knight (Depths:2)
  Azrael (D:13)
  Snorg (D:12)
  6 ettins
  14 merfolk impalers
  2 fire dragons (D:15)
  3 merfolk javelineers
  Fannar (Lair:3)
  Harold (Lair:2)
  A salamander tyrant (Snake:3)
  Erolcha (D:13)
  A vault guard (D:13)
  An ice dragon (Snake:4)
  3 caustic shrike simulacra (IceCv)
  5 centaur warriors
  A rakshasa (Depths:2)
  2 hydras (Lair:3)
  2 anacondas
  2 catoblepae
  2 boulder beetles
  3 merfolk aquamancers
  2 merfolk avatars
  2 alligator snapping turtles
  5 two-headed ogres
  6 tengu warriors
  2 death yaks (Shoals:3)
  A death scarab (Depths:3)
  6 deep troll shamans
  6 satyrs
  8 deep troll earth magi
  An orc high priest (Orc:1)
  8 shock serpents
  2 sun demons (Abyss:4)
  11 naga warriors
  4 thrashing horrors (Lair:5)
  18 hell knights
  3 spriggan berserkers (Depths:2)
  13 naga sharpshooters
  Nergalle (Orc:2)
  2 salamander mystics (Snake:3)
  14 skeletal warriors
  A spatial maelstrom (Abyss:4)
  A sixfirhy (Abyss:4)
  3 skysharks
  12 sea snakes
  A goliath frog (shapeshifter) (Lair:5)
  5 iron trolls (Depths:1)
  10 deep trolls
  A flayed ghost (Depths:3)
  3 glowing orange brains
  5 naga ritualists
  4 bog bodies (IceCv)
  An obsidian statue (IceCv)
  3 wizards
  A shadow demon (Abyss:4)
  15 harpies
  2 phantasmal warriors
  8 necromancers
  3 mana vipers
  5 orc knights
  A shining eye (Abyss:4)
  An oklob plant (Lair:3)
  A lindwurm (Lair:5)
  29 ugly things
  17 salamanders
  A shadow dragon skeleton (Abyss:4)
  5 orc sorcerers
  5 fauns
  A worldbinder (Abyss:4)
  5 cyclopes
  A moth of wrath (Orc:2)
  7 merfolk sirens
  A sphinx skeleton (Depths:2)
  14 elephants
  9 manticores
  6 naga magi
  6 water nymphs
  3 gargoyles
  5 guardian serpents
  3 smoke demons (Lair:5)
  28 black mambas
  A torpor snail (shapeshifter) (Depths:3)
  8 cane toads
  Maggie (D:8)
  9 unseen horrors
  2 kobold demonologists
  3 efreet
  An unseen horror zombie (D:8)
  4 rime drakes
  9 freezing wraiths
  An ice devil (IceCv)
  3 tengu conjurers (Depths:1)
  4 anaconda simulacra (IceCv)
  10 komodo dragons
  2 ancient zymes
  2 polar bears
  A queen bee (shapeshifter) (Lair:5)
  36 merfolk
  3 meliai (D:14)
  7 trolls
  9 snapping turtles
  8 wind drakes (Shoals:4)
  36 blink frogs
  4 dream sheep
  4 raiju (Abyss:4)
  2 hornets
  A snapping turtle (shapeshifter) (Depths:3)
  A culicivora (Lair:3)
  8 air elementals
  6 slime creatures (D:12)
  3 dire elephant simulacra (IceCv)
  3 spriggans
  A shadow (D:9)
  2 centaur simulacra (D:14)
  A culicivora (shapeshifter) (Depths:2)
  13 small abominations
  2 ynoxinuls (Lair:5)
  13 water elementals
  4 wraiths
  4 wyverns
  A fire elemental (D:13)
  9 basilisks
  26 yaks
  3 hogs
  A steam dragon (D:7)
  A redback (shapeshifter) (Depths:1)
  A neqoxec (Abyss:4)
  A glowing shapeshifter zombie (Depths:2)
  3 minotaur simulacra (IceCv)
  2 wargs
  34 nagas
  3 harpy simulacra (IceCv)
  5 spatial vortices (Abyss:4)
  6 vampire mosquitoes
  An acid dragon (D:9)
  2 large abominations
  13 water moccasins
  4 hell hounds (D:13)
  2 hydra simulacra (IceCv)
  A floating eye (Depths:2)
  A sky beast (D:6)
  36 orc warriors
  2 ice beasts
  3 black bears
  8 ogres
  4 alligator simulacra (IceCv)
  An ettin simulacrum (IceCv)
  4 wolves
  3 boggarts (D:14)
  8 centaurs
  Blork the orc (D:6)
  2 kobold brigands
  2 gnoll sergeants
  4 scorpions
  6 bullfrogs
  A wyvern zombie (D:8)
  2 deep troll simulacra (IceCv)
  11 killer bees
  2 lindwurm simulacra (IceCv)
  A vampire bat (D:10)
  A howler monkey (D:10)
  4 electric eels (Lair:4)
  5 lava snakes (Snake:3)
  5 centaur zombies (D:8)
  3 hounds
  5 jellies
  12 orc priests
  A starcursed mass (Abyss:4)
  3 gnoll boudas
  A sleepcap (D:6)
  24 orc wizards
  4 iguanas
  A howler monkey zombie (D:8)
  Robin (D:1)
  8 adders
  27 gnolls
  2 shadow imps
  3 white imps
  2 worms
  5 dart slugs
  104 orcs
  4 bat skeletons (D:10)
  3 bat zombies (D:10)
  11 endoplasms
  8 giant cockroaches
  23 goblins
  20 hobgoblins
  3 jackals (D:1)
  15 kobolds
  5 quokkas
  9 ball pythons
  5 bats
  4 frilled lizards
  8 rats
1245 creatures vanquished.

Vanquished Creatures (collateral kills)
  An ettin (Depths:1)
  A naga warrior (Snake:4)
  A mana viper (Snake:1)
  A merfolk (Shoals:4)
4 creatures vanquished.

Vanquished Creatures (others)
  A frost giant (Depths:2)
  A merfolk siren (Shoals:3)
  A shadow (D:9)
  A warg (Orc:1)
  A goblin (D:2)
  A ball python (D:2)
  33 fungi
  88 plants
  20 tentacles (Shoals:3)
  2 withered plants (D:7)
149 creatures vanquished.

Grand Total: 1398 creatures vanquished

Notes
Turn   | Place    | Note
-------+----------+-------------------------------------------
     0 | D:1      | Zenkrye the Human Cinder Acolyte began the quest for the
                  | Orb.
     0 | D:1      | Reached XP level 1. HP: 18/18 MP: 2/2
   109 | D:1      | Reached XP level 2. HP: 18/24 MP: 3/3
   112 | D:1      | Learned a level 2 spell: Scorch
   477 | D:1      | Reached XP level 3. HP: 29/29 MP: 4/4
   890 | D:1      | Found a faded altar of an unknown god.
  1279 | D:1      | Identified a scroll of acquirement
  1279 | D:1      | Acquired 668 gold pieces
  1360 | D:2      | Identified the +0 robe "Imutarip" {rF+++ Int-2 Stlth+
                  | Archmagi}
  1666 | D:2      | Reached XP level 4. HP: 35/35 MP: 5/5
  1875 | D:2      | Noticed Robin
  2026 | D:1      | Reached skill level 5 in Polearms
  2108 | D:1      | Killed Robin
  2586 | D:3      | Reached XP level 5. HP: 28/41 MP: 3/6
  3182 | D:3      | You fall into a shaft and drop 3 floors!
  3186 | D:6      | Found a runed translucent door.
  3187 | D:6      | Noticed Crazy Yiuf
  3231 | D:6      | Reached XP level 6. HP: 47/47 MP: 3/7
  3282 | D:5      | Entered Level 5 of the Dungeon
  3304 | D:4      | Found a staircase to the Ecumenical Temple.
  3323 | D:4      | HP: 2/70 [hound (2)]
  3328 | Temple   | Entered the Ecumenical Temple
  3860 | D:3      | Found an opulent altar of Gozag.
  3861 | D:3      | Found a stormy altar of Qazlal.
  4341 | D:4      | Reached XP level 7. HP: 45/52 MP: 8/8
  4396 | D:4      | Reached skill level 1 in Shields
  4532 | D:4      | Found a snail-covered altar of Cheibriados.
  5296 | D:5      | Found Qaw Omem's Mass Market.
  5457 | D:5      | Reached XP level 8. HP: 50/58 MP: 7/9
  5493 | D:5      | Found a radiant altar of Vehumet.
  6363 | D:6      | Noticed Blork the orc
  6365 | D:6      | Identified the +1 whip of Duty {antimagic, *Noise Will-
                  | Int+3 SInv}
  6375 | D:6      | Killed Blork the orc
  6714 | D:6      | Found a hide-covered altar of Uskayaw.
  6820 | D:6      | Reached XP level 9. HP: 32/63 MP: 5/10
  6824 | D:6      | Reached skill level 10 in Polearms
  7045 | D:6      | Found a blossoming altar of Fedhas.
  7475 | D:7      | Reached skill level 1 in Evocations
  7497 | D:7      | Found a glowing silver altar of Zin.
  7695 | D:7      | Found a flagged portal.
  7709 | D:7      | Reached skill level 5 in Shields
  7715 | Bailey   | Entered a bailey
  7898 | Bailey   | Reached skill level 4 in Fighting
  7928 | Bailey   | Noticed an orc knight
  7946 | Bailey   | Killed an orc knight
  7979 | Bailey   | Reached XP level 10. HP: 73/73 MP: 11/11
  7989 | Bailey   | Noticed an orc warlord
  8036 | Bailey   | Killed an orc warlord
  8037 | Bailey   | Reached skill level 5 in Fighting
  8145 | Bailey   | Identified the +1 hand axe of the Eternal Warrior {spect,
                  | Int+4}
  8268 | Bailey   | Reached skill level 1 in Armour
  8357 | Bailey   | Acquired a manual of Dodging
  8687 | D:7      | Found a runed translucent door.
  8687 | D:7      | Noticed Hubris850's ghost (novice OgGl)
  9090 | D:8      | Reached skill level 5 in Evocations
  9116 | D:8      | Found a basalt altar of Yredelemnul.
  9152 | D:8      | Reached skill level 6 in Fighting
  9346 | D:8      | Noticed Maggie
  9373 | D:8      | Killed Maggie
  9554 | D:8      | Reached XP level 11. HP: 81/81 MP: 12/12
  9555 | D:8      | Noticed a two-headed ogre
  9607 | D:8      | Killed a two-headed ogre
 10693 | D:9      | Reached skill level 7 in Fighting
 11235 | D:9      | Noticed a two-headed ogre
 11247 | D:9      | Killed a two-headed ogre
 11577 | D:9      | Identified the +2 ring mail "Ulugap Gaes" {Drain +Inv rElec
                  | rPois}
 11587 | D:9      | Noticed Maurice
 11593 | D:9      | Maurice changed into Maurice the orc
 11593 | D:9      | Noticed Maurice
 11594 | D:9      | Killed Maurice the orc
 11757 | D:10     | Entered Level 10 of the Dungeon
 12259 | D:10     | Found an ancient bone altar of Kikubaaqudgha.
 12406 | D:10     | Reached skill level 5 in Armour
 12641 | D:10     | Found a staircase to the Orcish Mines.
 12961 | Orc:1    | Entered Level 1 of the Orcish Mines
 13029 | Orc:1    | Reached skill level 8 in Fighting
 13183 | Orc:2    | Entered Level 2 of the Orcish Mines
 13218 | Orc:2    | Noticed a cyclops
 13221 | Orc:2    | Noticed an orc high priest
 13494 | D:11     | Noticed a skeletal warrior
 13494 | D:11     | Noticed a skeletal warrior
 13494 | D:11     | Noticed a skeletal warrior
 13494 | D:11     | Noticed a skeletal warrior
 13494 | D:11     | Noticed a skeletal warrior
 13513 | D:11     | Found a staircase to the Lair.
 13623 | D:11     | Noticed a manticore
 13876 | Lair:1   | Entered Level 1 of the Lair of Beasts
 13935 | Lair:1   | Reached XP level 12. HP: 89/92 MP: 13/13
 14865 | Lair:2   | Noticed a boulder beetle
 14894 | Lair:2   | Killed a boulder beetle
 15582 | Lair:2   | Noticed Harold
 15627 | Lair:2   | Killed Harold
 15628 | Lair:2   | Reached skill level 9 in Fighting
 15708 | Lair:2   | Found a staircase to the Shoals.
 16789 | Lair:3   | Noticed a seven-headed hydra
 17058 | Lair:3   | Noticed Fannar
 17106 | Lair:2   | Reached XP level 13. HP: 92/101 MP: 11/14
 17177 | Lair:3   | Noticed a four-headed hydra
 17184 | Lair:3   | Killed a four-headed hydra
 17212 | Lair:3   | Killed a seven-headed hydra
 17436 | Lair:3   | Found a staircase to the Snake Pit.
 17799 | Lair:3   | Identified the +2 quarterstaff "Xyweveb" {antimagic, rF+
                  | Str+2}
 17992 | Lair:3   | Noticed Nessos
 17993 | Lair:3   | Nessos changed into Nessos the culicivora
 17993 | Lair:3   | Noticed Nessos
 18003 | Lair:3   | Killed Nessos the culicivora
 18194 | Lair:3   | Killed Fannar
 18195 | Lair:3   | Reached skill level 10 in Fighting
 19696 | Lair:4   | Found a staircase to the Slime Pits.
 19703 | Lair:4   | Found a viscous altar of Jiyva.
 20155 | Lair:5   | Entered Level 5 of the Lair of Beasts
 20701 | Lair:5   | Reached skill level 11 in Fighting
 20728 | Lair:5   | Reached XP level 14. HP: 108/113 MP: 12/15
 21583 | Lair:5   | Reached skill level 10 in Armour
 22237 | Lair:5   | Reached skill level 10 in Shields
 22931 | Lair:5   | Reached skill level 12 in Fighting
 23315 | Lair:5   | Found a corrupted altar of Lugonu.
 23315 | Lair:5   | Found a one-way gate to the infinite horrors of the Abyss.
 23967 | Orc:2    | Noticed Nergalle
 24002 | Orc:2    | Noticed Urug
 24004 | Orc:2    | Urug changed into Urug the hornet
 24004 | Orc:2    | Noticed Urug
 24015 | Orc:1    | Killed Urug the hornet
 24120 | Orc:2    | Found a staircase to the Elven Halls.
 24219 | Orc:2    | Killed Nergalle
 24311 | Orc:2    | Noticed an orc warlord
 24512 | Orc:1    | Killed an orc warlord
 24575 | Orc:2    | Paralysed by an orc sorcerer for 2 turns
 24587 | Orc:1    | Paralysed by an orc sorcerer for 5 turns
 24741 | Orc:2    | Reached XP level 15. HP: 102/122 MP: 13/16
 25038 | Orc:2    | Found Jawuhes's Antique Weapon Emporium.
 25073 | Orc:2    | Noticed Sonja
 25074 | Orc:2    | Sonja changed into Sonja the ball python
 25074 | Orc:2    | Noticed Sonja
 25085 | Orc:2    | Killed Sonja the ball python
 25309 | Orc:2    | Found Luh Ytoy's Jewellery Emporium.
 25322 | Orc:2    | Found a transporter.
 25327 | Orc:2    | Found a bloodstained altar of Trog.
 25331 | Orc:2    | Found a transporter.
 25387 | Orc:2    | Found Jinawaf's Antique Armour Emporium.
 25402 | Orc:2    | Found Toggops's General Store.
 25409 | Orc:2    | Bought a +2 pair of gloves for 264 gold pieces
 25422 | Orc:2    | Noticed jejorda2's ghost (adept MfBe)
 25835 | Orc:1    | Noticed an orc warlord
 25900 | Orc:2    | Killed an orc warlord
 26509 | Orc:1    | Found a shimmering altar of Xom.
 26611 | Orc:2    | Bought the ring of Vogau {Will+ Str+6} for 534 gold pieces
 27130 | D:11     | Reached skill level 13 in Fighting
 28381 | D:12     | Found Fisk's Armour Shop.
 28469 | D:12     | Bought a +0 kite shield for 67 gold pieces
 28905 | D:13     | Noticed Erolcha
 28979 | D:13     | Noticed Snorg
 28992 | D:12     | Killed Snorg
 29266 | D:13     | Identified the +3 mace of the Brewing Shark {elec, rElec
                  | rC- rN+ Dex+8}
 29283 | D:13     | Noticed Rupert
 29721 | D:13     | Killed Erolcha
 30295 | D:13     | Noticed Azrael
 30328 | D:13     | Killed Azrael
 30426 | D:13     | Rupert changed into Rupert the satyr
 30426 | D:13     | Noticed Rupert
 30426 | D:13     | Noticed Kirke
 30804 | D:13     | Killed Rupert the satyr
 30860 | D:13     | Found a gate to the Vaults.
 30979 | D:13     | Found a sacrificial altar of Ru.
 31078 | D:14     | Found a transporter.
 31080 | D:14     | Noticed asti's ghost (journeyman MiFi)
 31085 | D:14     | Found a transporter.
 31293 | D:14     | Reached XP level 16. HP: 132/132 MP: 17/17
 31336 | D:14     | Reached skill level 14 in Fighting
 32195 | Orc:2    | Bought a runed scarf for 232 gold pieces
 32212 | Orc:2    | Upgraded the game from 0.30-a0-867-g305f33218d to
                  | 0.30-a0-879-ga8ba668304
 32315 | Orc:2    | Killed jejorda2's ghost
 32688 | Orc:2    | Bought an amulet of reflection for 330 gold pieces
 32898 | D:15     | Entered Level 15 of the Dungeon
 33087 | D:15     | Found a staircase to the Depths.
 33238 | D:15     | Identified the +1 dagger of the Moon {antimagic, rPois rC++
                  | Will+ SInv}
 34123 | D:15     | Identified the +6 dagger of Heruvuig {chaos, *Slow Int+7}
 34207 | D:13     | Killed Kirke
 34551 | Snake:1  | Entered Level 1 of the Snake Pit
 35777 | Snake:1  | Got the Vellum of Darkness and Exhalation
 36195 | Shoals:1 | Entered Level 1 of the Shoals
 37205 | Shoals:1 | Reached XP level 17. HP: 76/140 MP: 18/18
 37471 | Shoals:3 | Reached skill level 15 in Fighting
 38103 | Shoals:3 | Reached skill level 10 in Evocations
 38109 | Shoals:4 | Entered Level 4 of the Shoals
 38131 | Shoals:3 | Noticed a kraken
 38195 | Shoals:2 | Found Asenk's Antique Weapon Emporium.
 38290 | Shoals:2 | Found Kuagydd's Assorted Antiques.
 38298 | Shoals:2 | Bought 2 potions of haste for 580 gold pieces
 38298 | Shoals:2 | Bought a potion of might for 116 gold pieces
 38298 | Shoals:2 | Bought a scroll of blinking for 217 gold pieces
 38298 | Shoals:2 | Bought a scroll of fear for 116 gold pieces
 38298 | Shoals:2 | Bought a wand of iceblast (6) for 417 gold pieces
 39918 | Shoals:4 | Paralysed by an air elemental for 1 turns
 39930 | Shoals:4 | Paralysed by an air elemental for 1 turns
 40227 | Shoals:4 | Noticed Aizul
 40242 | Shoals:4 | Killed Aizul
 40405 | Shoals:4 | Paralysed by an air elemental for 1 turns
 40411 | Shoals:4 | Paralysed by an air elemental for 1 turns
 40416 | Shoals:4 | Paralysed by an air elemental for 1 turns
 40420 | Shoals:4 | Paralysed by an air elemental for 1 turns
 40873 | Shoals:4 | Paralysed by an air elemental for 1 turns
 40877 | Shoals:4 | Paralysed by an air elemental for 1 turns
 41306 | Shoals:3 | Noticed Polyphemus
 42427 | Shoals:3 | Killed Polyphemus
 42428 | Shoals:3 | Reached XP level 18. HP: 49/151 MP: 19/19
 42826 | Shoals:4 | Paralysed by an air elemental for 1 turns
 42830 | Shoals:4 | Paralysed by an air elemental for 1 turns
 42834 | Shoals:4 | Paralysed by an air elemental for 1 turns
 42837 | Shoals:4 | Reached skill level 15 in Armour
 43036 | Shoals:4 | Paralysed by an air elemental for 1 turns
 43043 | Shoals:4 | Paralysed by an air elemental for 1 turns
 43051 | Shoals:4 | Paralysed by an air elemental for 1 turns
 43056 | Shoals:4 | Paralysed by an air elemental for 1 turns
 43057 | Shoals:4 | Reached skill level 1 in Dodging
 43059 | Shoals:4 | Paralysed by an air elemental for 1 turns
 43493 | Shoals:4 | Identified the +3 trident "Ifemoadu" {freeze, rN+ Will+}
 43501 | Shoals:4 | Reached skill level 16 in Fighting
 43521 | Shoals:4 | Noticed Nikola
 43875 | Shoals:4 | Killed Nikola
 43876 | Shoals:4 | Reached skill level 15 in Shields
 44306 | Shoals:4 | Paralysed by an air elemental for 1 turns
 44311 | Shoals:4 | Paralysed by an air elemental for 1 turns
 44313 | Shoals:4 | Paralysed by an air elemental for 1 turns
 44317 | Shoals:4 | Paralysed by an air elemental for 1 turns
 44322 | Shoals:4 | Paralysed by an air elemental for 1 turns
 44331 | Shoals:3 | Paralysed by an air elemental for 1 turns
 45247 | Shoals:4 | Noticed a titan
 45271 | Shoals:4 | Killed a titan
 45272 | Shoals:4 | Reached skill level 5 in Dodging
 45442 | Shoals:4 | Got a barnacled rune of Zot
 45535 | Shoals:4 | Paralysed by an air elemental for 1 turns
 46421 | Snake:2  | Found an ancient bone altar of Kikubaaqudgha.
 47463 | Snake:2  | Found Cuopuvoc's Jewellery Emporium.
 48028 | Snake:3  | Found Fovicweo's Book Emporium.
 48032 | Snake:3  | Found Miukuno's Antique Weapon Shoppe.
 48033 | Snake:3  | Found Tickax Icher's Antique Armour Emporium.
 48066 | Snake:3  | Reached skill level 17 in Fighting
 48524 | Snake:3  | Reached XP level 19. HP: 158/161 MP: 20/20
 48559 | Snake:3  | Reached skill level 10 in Dodging
 49884 | Snake:4  | Entered Level 4 of the Snake Pit
 50349 | Snake:4  | Found a frozen archway.
 50402 | IceCv    | Entered an ice cave
 50830 | IceCv    | Identified the +1 pair of boots of Dim Light {Int+6}
 50862 | IceCv    | Found an ancient bone altar of Kikubaaqudgha.
 51313 | IceCv    | Noticed a lich
 51326 | IceCv    | Killed a lich
 51327 | IceCv    | Reached skill level 18 in Fighting
 51462 | IceCv    | Got the Notes on Ghastly Frostbite
 51902 | Snake:4  | Noticed Louise
 51943 | Snake:4  | Killed Louise
 53008 | Snake:4  | Got a serpentine rune of Zot
 53622 | Snake:4  | Reached skill level 19 in Fighting
 53951 | Snake:4  | Reached XP level 20. HP: 144/174 MP: 19/21
 54270 | Snake:2  | Bought the ring "Hekkismu" {Str+6 Int+4 Dex+2 Stlth+} for
                  | 876 gold pieces
 54469 | Depths:1 | Entered Level 1 of the Depths
 55548 | Depths:1 | Identified the +2 cloak "Itu Siel" {Harm Rampage rPois}
 56016 | Depths:1 | Reached skill level 20 in Fighting
 56095 | Depths:1 | Got the Folio of the Assorted Visionaries
 56740 | Depths:1 | Found a gateway to Hell.
 57966 | Depths:2 | Reached skill level 21 in Fighting
 57970 | Depths:2 | Reached XP level 21. HP: 142/185 MP: 18/22
 58106 | Depths:2 | Found a one-way gate leading to the halls of Pandemonium.
 58307 | Depths:2 | Noticed a juggernaut
 58308 | Depths:2 | Noticed a caustic shrike
 58316 | Depths:2 | Killed a caustic shrike
 58319 | Depths:2 | Noticed a juggernaut
 58330 | Depths:2 | Killed a juggernaut
 58823 | Depths:2 | Noticed Vv
 59150 | Depths:3 | Noticed a juggernaut
 59150 | Depths:3 | Noticed a caustic shrike
 59160 | Depths:3 | Killed a caustic shrike
 60091 | Depths:2 | Banished a juggernaut
 60092 | Depths:2 | Reached skill level 22 in Fighting
 60658 | Depths:3 | Banished a juggernaut
 60851 | Depths:3 | Found Kodifis's Assorted Antiques.
 60857 | Depths:3 | Bought a potion of might for 144 gold pieces
 60857 | Depths:3 | Bought a wand of quicksilver (4) for 604 gold pieces
 60857 | Depths:3 | Bought a scroll of teleportation for 108 gold pieces
 60980 | Depths:3 | Reached XP level 22. HP: 150/197 MP: 18/23
 61219 | Abyss:4  | Cast into level 4 of the Abyss (unwielding a weapon of
                  | distortion)
 61279 | Abyss:4  | Found a stormy altar of Qazlal.
 61279 | Abyss:4  | Noticed a bone dragon
 61300 | Abyss:4  | Killed a bone dragon
 61383 | Abyss:4  | Noticed a bone dragon
 61415 | Abyss:4  | Killed a bone dragon
 61536 | Abyss:4  | Gained mutation: Your mind is acute. (Int +4, Str/Dex -1)
                  | [a shining eye]
 61551 | Abyss:4  | Paralysed by accursed screaming for 2 turns
 61554 | Abyss:4  | HP: 4/158 [brown very ugly thing[a worldbinder] (4)]
 61554 | Abyss:4  | Splashed by a brown very ugly thing's acid

Illustrated notes

Levels and vault maps discovered:
D:1:      dpeg_arrival_rooms_b, layout_basic, nicolae_ecumenical_lake_church,
          minivault_4, reono_crystal_passage
D:2:      layout_basic, minmay_between, uniq_robin
D:3:      layout_loops_corners, mainiacjoe_overflow_divided_tiny,
          minmay_misc_feat_ornament
D:4:      layout_cave_pools, cheibriados_altar_1, minmay_temple_entry_junction,
          portal_sewer_entry_f, grunt_decor_resistance
D:5:      layout_cave_pods, general_overflow_altar, minivault_5,
          minmay_shop_mass, kennysheep_generic_room_12
D:6:      layout_loops_ring, eat_drink_and_be_merry_uskayaw,
          kennysheep_little_box, uniq_blork_the_orc, uniq_crazy_yiuf_cottage
D:7:      layout_loops_ring, mainiacjoe_overflow_small_starburst,
          gammafunk_ghost_grave, enter_bailey_6
D:8:      layout_layer_cave, nicolae_yredelemnul_corpse_copse, uniq_maggie
D:9:      layout_roguey, hangedman_decor_lopped, minmay_diced_spiral,
          uniq_maurice
D:10:     layout_roguey, kennysheep_vampire_church, hiddenorc1_lemuel
D:11:     layout_roguey [special_room_orc], lair_entry_dummy
D:12:     layout_long_grid, serial_shops, shop
D:13:     layout_cave_pools, david_vaults_5, nicolae_ru_path_of_blood,
          uniq_azrael, uniq_rupert, uniq_kirke, uniq_erolcha, uniq_snorg
D:14:     layout_roguey, gammafunk_ghost_mausoleum
D:15:     grunt_enter_depths_hoard, layout_stronghold,
          minmay_misc_feat_secret_circle, lemuel_flame_loot_1
Temple:   nicolae_temple_bog_church
Lair:1:   layout_regular_city
Lair:2:   layout_chaotic_city, minmay_shoals_entry_centaurs, uniq_harold
Lair:3:   layout_loops_ring, minmay_snake_entry_guardpost_small, uniq_fannar,
          uniq_nessos
Lair:4:   layout_hall_layers, nicolae_slime_entry_slimehenge,
          serial_bayou_lake_a
Lair:5:   hellmonk_lair_end_abyssal_woods, layout_layer_cave, st_stairs_11,
          lemuel_fruit_tree
Shoals:1: layout_shoals
Shoals:2: layout_shoals, serial_shops, nicolae_shop_hallway_plus,
          nicolae_shop_overgrown_old_shop, nicolae_shop_waterfront
Shoals:3: layout_shoals, nicolae_shoals_songs, uniq_polyphemus
Shoals:4: shoals_end_hellmonk_storm_palace [storm_palace_center_square,
          storm_palace_corner_blocked, storm_palace_corner_pillars,
          storm_palace_corner_grid, storm_palace_corner_pillars], uniq_aizul,
          uniq_nikola
Snake:1:  layout_onion
Snake:2:  layout_onion_interference, serial_shops, nicolae_shop_stone,
          basic_altar, grunt_ministairs_9, grunt_megastairs_5
Snake:3:  layout_basic, special_room, minmay_shop_star
Snake:4:  grunt_snake_rune_spirals, layout_onion, portal_ice_cave_entry_dragon,
          uniq_louise
Orc:1:    layout_caves, basic_altar
Orc:2:    grunt_orc_cross, layout_caves, gammafunk_ghost_wrathful_warriors,
          basic_altar, nicolae_orc_lava_room, uniq_sonja
Depths:1: layout_gridlike, chequers_big_river, grunt_metal_band,
          nicolae_twisting_strands, minmay_misc_feat_doors, minivault_10,
          due_unseen_surprise
Depths:2: thingy_vault, layout_honeycomb, minmay_misc_feat_hallway, pan_entry,
          abyss_entry_crystal, grunt_hell_entry_dis_old, uniq_vv
Depths:3: minmay_bad_star, layout_cave_pools,
          nicolae_abyss_entry_one_way_or_another, nicolae_sif_muna_condensation,
          hell_entry, serial_shops, nicolae_shop_trees, hellmonk_scarab_ruin
Abyss:4:  base: Vaults:3, hangedman_relentless_pull, hangedman_relentless_pull,
          abyss_furniture_001, abyss_greek_temple, lemuel_flamethrower_hall,
          evilmike_abyss_exit_vortex, evilmike_abyss_exit_vortex,
          hangedman_abyss_batty_box, nicolae_abyss_rune_left_handed

Skill      XL: |  1  2  3  4  5  6  7  8  9 10 11 12 13 14 15 16 17 18 19 20 21 |
---------------+----------------------------------------------------------------+-----
Polearms       | 4 5 6 7 8 9 11 12 14 | 14.0
Shields        | 2 4 5 7 9 11 12 13 14 15 16 17 18 | 18.4
Evocations     | 3 5 7 8 9 11 12 | 12.0
Fighting       | 4 6 8 9 11 12 13 14 15 17 19 21 22 | 22.6
Armour         | 2 5 7 9 11 12 13 14 15 | 15.0
Dodging        | 9 10 12 | 12.8
Spellcasting   | |  1.0
Fire Magic     | |  3.0

Action                     |  1- 3 |  4- 6 |  7- 9 | 10-12 | 13-15 | 16-18 | 19-21 | 22-24 || total
---------------------------+-------+-------+-------+-------+-------+-------+-------+-------++-------
  Melee: Spear             |   148 |   201 |       |       |       |       |       |       ||   349
         Punch             |     3 |       |       |       |       |       |       |       ||     3
         Trident           |       |    16 |   308 |   794 |  1708 |  1834 |  1509 |    31 ||  6200
         Demon trident     |       |       |       |       |       |    57 |       |   121 ||   178
  Throw: Javelin           |       |     1 |     1 |       |       |       |       |       ||     2
         Dart              |       |     6 |    14 |    34 |    57 |       |       |       ||   111
         Boomerang         |       |     1 |       |     6 |    31 |   162 |   124 |     1 ||   325
  Evoke: Wand              |       |       |     1 |    18 |    20 |     7 |     6 |       ||    52
         Lightning rod     |       |       |       |       |     5 |     9 |    10 |     1 ||    25
         Box of beasts     |       |       |       |       |       |     5 |     4 |       ||     9
         Condenser vane    |       |       |       |       |       |       |     6 |     1 ||     7
         Tin of tremorston |       |       |       |       |       |       |     7 |     2 ||     9
    Use: Scroll            |     4 |    10 |    10 |    10 |     8 |    13 |    11 |     3 ||    69
         Potion            |       |     2 |       |     4 |     4 |    15 |     2 |     6 ||    33
   Stab: Paralysed         |       |       |     5 |    19 |     2 |       |     4 |       ||    30
         Distracted        |       |       |     1 |     2 |       |     1 |       |       ||     4
         Invisible         |       |       |       |       |     5 |     1 |       |       ||     6
 Armour: Ring mail         |    30 |       |       |       |       |       |       |       ||    30
         Scale mail        |    11 |       |    59 |   123 |    18 |       |       |       ||   211
         Chain mail        |     6 |   120 |    47 |       |       |       |       |       ||   173
         Crystal plate arm |       |       |       |   199 |   826 |   857 |   528 |    56 ||  2466
  Dodge: Dodged            |    48 |    61 |    71 |   140 |   162 |   225 |   191 |    24 ||   922
  Block: Buckler           |     2 |    13 |    34 |   130 |   276 |       |       |       ||   455
         Kite shield       |       |       |       |       |    71 |  1126 |     7 |       ||  1204
         Reflection        |       |       |       |       |       |   100 |    55 |     6 ||   161
         Tower shield      |       |       |       |       |       |       |   794 |    99 ||   893

Table legend: (Time is in decaauts)
 A = Elapsed time spent in this place.
 B = Non-inter-level travel time spent in this place.
 C = Inter-level travel time spent in this place.
 D = Time resting spent in this place.
 E = Time spent auto-exploring this place.
 F = Levels seen in this place.
 G = Mean time per level.
                   A        B        C        D        E       F      G
               +--------+--------+--------+--------+--------+-----+--------+
         Total |  60111 |  56435 |   3676 |  17884 |  27182 |  37 | 1624.6 |
       Dungeon |  20243 |  18356 |   1887 |   3681 |  11448 |  15 | 1349.5 |
        Temple |    449 |    434 |     15 |    266 |    146 |   1 |  449.0 |
          Lair |  10142 |   9450 |    692 |   3077 |   4649 |   5 | 2028.4 |
        Shoals |   9023 |   8738 |    285 |   4930 |   1834 |   4 | 2255.8 |
     Snake Pit |   8324 |   7979 |    345 |   2040 |   4552 |   4 | 2081.0 |
  Orcish Mines |   3567 |   3218 |    349 |   1339 |   1186 |   2 | 1783.5 |
        Depths |   6223 |   6122 |    101 |   1972 |   2708 |   3 | 2074.3 |
         Abyss |    304 |    304 |      0 |     38 |      0 |   1 |  304.0 |
        Bailey |    596 |    596 |      0 |    115 |    177 |   1 |  596.0 |
      Ice Cave |   1234 |   1234 |      0 |    421 |    481 |   1 | 1234.0 |
               +--------+--------+--------+--------+--------+-----+--------+

Top non-repeatable levels by time:
Shoals:3: 3693 daAuts
Shoals:4: 3244 daAuts
 Snake:4: 3002 daAuts
Depths:1: 2784 daAuts
  Lair:5: 2710 daAuts
Depths:2: 2624 daAuts
  Lair:2: 2555 daAuts
   Orc:2: 2504 daAuts
  Lair:3: 2273 daAuts
 Snake:2: 1960 daAuts
    D:10: 1948 daAuts
     D:9: 1867 daAuts
    D:12: 1778 daAuts
 Snake:1: 1709 daAuts
    D:15: 1663 daAuts
